 Dungeon Crawl Stone Soup version 0.17.0-9-g801d43b (console) character file.

7 gw the Grasshopper (level 1, -2/16 HPs)
             Began as a Mummy Warper on Nov 10, 2015.
             Slain by a worm (10 damage)
             ... on level 1 of the Dungeon.
             The game lasted 00:00:23 (341 turns).

gw the Grasshopper (Mummy Warper)                    Turns: 341, Time: 00:00:23

Health: -2/16      AC:  3    Str: 14    XL:     1   Next: 91%
Magic:  3/3        EV: 11    Int: 12    God:
Gold:   16         SH:  0    Dex: 11    Spells: 1 memorised, 3 levels left

rFire  x . .     SeeInvis .     a - +0 mace
rCold  + . .     Clarity  .     b - +0 leather armour
rNeg   + + +     SustAt   .     (no shield)
rPois  ∞         Gourm    .     (no helmet)
rElec  .         Spirit   .     (no cloak)
rCorr  .         Warding  .     (no gloves)
rMut   .         Stasis   .     (no boots)
MR     .....                    (no amulet)
Stlth  +.........               (no ring)
                                (no ring)

@: not resistant to hostile enchantments, very unstealthy
A: no food or potions, fire vulnerability, cold resistance 1, negative energy
resistance 3, torment resistance, unbreathing
a: no special abilities


You were on level 1 of the Dungeon.
You were not hungry.

You visited 1 branch of the dungeon, and saw 1 of its levels.

You collected 16 gold pieces.

Inventory:

Hand Weapons
 a - a +0 mace (weapon)
Armour
 b - a +0 leather armour (worn)
Scrolls
 d - a scroll of blinking
Books
 c - a book of Spatial Translocations

   Spells                             Type                      Level
   a - Apportation                    Translocation                1
   b - Blink                          Translocation                2
   c - Shroud of Golubria             Charms/Translocation         2
   d - Portal Projectile              Translocation                3
   e - Teleport Other                 Translocation                3
   f - Passage of Golubria            Translocation                4


   Skills:
 + Level 2.2 Fighting
 + Level 1.5 Maces & Flails
 + Level 1.0 Throwing
 + Level 0.8 Armour
 - Level 1.5 Dodging
 * Level 2.1 Spellcasting
 + Level 2.4 Translocations


You had 3 spell levels left.
You knew the following spells:

 Your Spells              Type           Power        Failure   Level  Hunger
a - Apportation           Tloc           #.........   12%         1    N/A

Dungeon Overview and Level Annotations

Branches:
Dungeon (1/15)

Altars:


Innate Abilities, Weirdness & Mutations

You do not eat or drink.
Your flesh is vulnerable to fire.
You are immune to poison.
Your flesh is cold resistant.
You are immune to negative energy.
You are immune to unholy pain and torment.
You can survive without breathing.


Message History

The worm is moderately wounded.
The worm bites you.
Unknown command.
Unknown command.
Unknown command.
Unknown command.
ATTACKING (0,1)
You hit the worm.
The worm is heavily wounded.
The worm bites you.
Unknown command.
Unknown command.
Unknown command.
Unknown command.
ATTACKING (0,1)
You hit the worm.
The worm is severely wounded.
The worm bites you!
Ouch! That really hurt!
You die...

#########
########.......#
##...[.?........#
...######.......# ...#
#.......###### ..%#
###............# ...#
#..?.....#M....# ...#
#........#w%...# ##.#
#...%....#.....# #.#
###'######........
#.######.########......
#.#............. ......
##+#.#####.######
...... ..>..........
...... ....>#########


You could see a worm.

Table legend:
 A = Turns spent in this place as a percentage of turns spent in the entire game.
 B = Non-inter-level travel turns spent in this place as a percentage of non-inter-level travel turns spent in the entire game.
 C = Inter-level travel turns spent in this place as a percentage of turns spent in this place.
 D = Turns resting spent in this place as a percentage of non-inter-level travel turns spent in this place.
 E = Turns spent auto-exploring this place as a percentage of non-inter-level travel turns spent in this place.
 F = Non-inter-level travel turns spent in this place divided by the number of levels of this place that you've seen.
                   A       B       C       D       E      F
               +-------+-------+-------+-------+-------+----------------------
         Total | 100.0 | 100.0 |   0.0 |   1.1 |   2.6 | 568.0
       Dungeon | 100.0 | 100.0 |   0.0 |   1.1 |   2.6 | 568.0
               +-------+-------+-------+-------+-------+----------------------

Table legend:
 A = Kills in this place as a percentage of kills in entire the game.
 B = Kills by you in this place as a percentage of kills by you in the entire game.
 C = Kills by friends in this place as a percentage of kills by friends in the entire game.
 D = Other kills in this place as a percentage of other kills in the entire game.
 E = Experience gained in this place as a percentage of experience gained in the entire game.
 F = Experience gained in this place divided by the number of levels of this place that you have seen.
                   A       B       C       D       E      F
               +-------+-------+-------+-------+-------+----------------------
         Total | 100.0 | 100.0 |  -nan |  -nan | 100.0 |  11.0
       Dungeon | 100.0 | 100.0 |  -nan |  -nan | 100.0 |  11.0
               +-------+-------+-------+-------+-------+----------------------

Vanquished Creatures
  A giant gecko (D:1)
  A giant cockroach (D:1)
  A bat (D:1)
  2 goblins (D:1)
  2 rats (D:1)
7 creatures vanquished.

Vanquished Creatures (others)
  A goblin (D:1)
1 creature vanquished.

Grand Total: 8 creatures vanquished

Notes
Turn   | Place    | Note
--------------------------------------------------------------
     0 | D:1      | gw the Mummy Warper began the quest for the Orb.
     0 | D:1      | Reached XP level 1. HP: 16/16 MP: 3/3
   257 | D:1      | Reached skill level 1 in Throwing
   341 | D:1      | Slain by a worm

Action                   || total
-------------------------++-------
Melee: Mace              ||    24
Throw: Tomahawk          ||     5

Vault maps used:
D:1:      dpeg_arrival_orchard, lemuel_flame_loot_1
